AoeStats
← Barón de la Cerveza

Hideout

508980769Analyzed
1v1 RM · 7d ago on Sep 24, 2026· 55m 36s· 2 players
Game mode
Random Map
Map size
Tiny (2 player)
Population
200
Speed
Normal
Resources
Standard
Victory
Conquest
Starting age
Dark Age
Ending age
Imperial Age
RankedLock teamsTeams togetherTeam positionsShared explorationLock speedFull tech treeHidden civsTurbo modeCheats
Victory
Defeat
🇲🇽 Persians · Mexico
2021
+10
🇲🇽 Goths · Mexico
1883
-10
Barón de la Cerveza
6:29 Loom
9:25 Feudal Age
9:30 Man-at-Arms
10:18 Double-Bit Axe
16:23 Fletching
16:39 Horse Collar
21:09 Castle Age
22:02 Bow Saw
23:26 Forging
24:16 Heavy Plow
25:01 Pikeman
25:42 Squires
27:43 Scale Mail Armor
31:08 Wheelbarrow
31:03 Town Watch
36:36 Imperial Age
35:35 Anarchy
36:04 Bodkin Arrow
36:10 Padded Archer Armor
36:59 Ballistics
36:56 Bloodlines
36:47 Husbandry
37:22 Bracer
38:25 Chemistry
37:51 Chain Mail Armor
38:09 Conscription
39:13 Heavy Cavalry Archer
43:50 Forging
43:51 Halberdier
45:53 Hand Cart
46:28 Gold Mining
46:29 Stone Mining
47:42 Light Cavalry
51:02 Scale Barding Armor
Baldeitus
6:21 Loom
8:30 Feudal Age
8:51 Double-Bit Axe
8:47 Horse Collar
14:07 Fletching
19:09 Castle Age
18:15 Bloodlines
20:32 Forging
21:29 Bow Saw
21:34 Scale Barding Armor
22:35 Light Cavalry
27:53 Wheelbarrow
29:20 Devotion
32:02 Imperial Age
29:59 Padded Archer Armor
30:32 Gold Mining
31:39 Leather Archer Armor
32:41 Ballistics
33:22 Chemistry
34:16 Ring Archer Armor
34:20 Bodkin Arrow
36:12 Hand Cart
36:43 Husbandry
36:29 Hussar
38:15 Chain Barding Armor
38:38 Heavy Plow
40:10 Plate Barding Armor
39:16 Cavalier
42:37 Citadels
43:54 Iron Casting
45:53 Blast Furnace
46:08 Gold Shaft Mining
51:13 Crop Rotation
54:45 Masonry
Connection lost

Rejoining the realm…

Still unreachable

The connection could not be restored.

Session expired

The server has moved on; the page needs a fresh start.